 Dungeon Crawl Stone Soup version 0.29.0-4-gdea44cf6ec (webtiles) character file.

Game seed: 16124908073947148380

5197 qw the Cleaver (level 10, -3/60 HPs)
             Began as a Tengu Warper on Aug 28, 2022.
             Was a Priest of Okawaru.
             Slain by a death yak (10 damage)
             ... on level 1 of the Lair of Beasts.
             The game lasted 00:01:10 (9595 turns).

qw the Cleaver (Tengu Warper)                       Turns: 9595, Time: 00:01:10

Health: -3/60      AC: 29    Str: 15    XL:     10   Next: 60%
Magic:  14/14      EV: 13    Int: 12    God:    Okawaru [***...]
Gold:   451        SH:  0    Dex: 15    Spells: 13/13 levels left

rFire   + . .      SeeInvis .   Y - +2 war axe (protect)
rCold   . . .      Faith    .   (no shield)
rNeg    + . .      Spirit   .   m - +0 plate armour
rPois   +          Reflect  .   (helmet restricted)
rElec   .          Harm     .   o - +2 ratskin cloak {*Rats rPois rN+ Str-1 Int-1 Dex+1}
rCorr   .          Rampage  .   b - +2 pair of gloves
Will    .....                   (boots unavailable)
Stlth   ..........              k - amulet of the acrobat
HPRegen 0.20/turn               l - ring of protection from fire
MPRegen 0.14/turn               d - +4 ring of evasion

@: heroic, under a protective aura, flying quickly and evasively, quick
A: beak, talons 3, nimble flight
a: Renounce Religion, Heroism


You were on level 1 of the Lair of Beasts.
You worshipped Okawaru.
Okawaru was most pleased with you.
You visited 3 branches of the dungeon, and saw 10 of its levels.
You also visited: Ossuary.

You collected 539 gold pieces.
You spent 88 gold pieces at shops.


Innate Abilities, Weirdness & Mutations

You have a beak for a mouth.
You have claws for feet.
Your magical nature lets you fly swiftly and evasively.


   Skills:
 - Level 6.1(11.1) Fighting
 + Level 12.7(17.7) Axes
 - Level 1.0(6.0) Throwing
 - Level 7.0(12.0) Armour
 - Level 3.4(8.4) Dodging
 - Level 2.0 Spellcasting
 - Level 2.4 Translocations
 - Level 4.2 Invocations


You had 13 spell levels left.
You didn't know any spells.
Your spell library contained the following spells:

 Spells                   Type           Power      Damage    Failure   Level
 Blink                    Tloc           12%        N/A       99%         2
 Gell's Gravitas          Tloc           6%         N/A       100%        3
 Lesser Beckoning         Tloc           6%         N/A       100%        3
 Teleport Other           Tloc           6%         N/A       100%        3
 Manifold Assault         Tloc           6%         N/A       100%        5

Inventory:

Hand Weapons
 v - a +3 morningstar
 Y - a +2 war axe of protection (weapon)
Armour
 b - a +2 pair of gloves (worn)
 m - a +0 plate armour (worn)
 o - the +2 ratskin cloak (worn) {*Rats rPois rN+ Str-1 Int-1 Dex+1}
   (You found it on level 8 of the Dungeon)

   When the wearer is hurt, rats may emerge from it to assist them.
   Str:       It affects your strength (-1).
   Int:       It affects your intelligence (-1).
   Dex:       It affects your dexterity (+1).
   rPois:     It protects you from poison.
   rN:        It protects you from negative energy.
Jewellery
 d - a +4 ring of evasion (right hand)
 g - a ring of ice
 h - a ring of poison resistance
 k - an amulet of the acrobat (around neck)
 l - a ring of protection from fire (left hand)
 q - a +6 ring of strength
 r - a +6 ring of dexterity
Scrolls
 n - 3 scrolls of identify
 p - a scroll of teleportation
Potions
 a - 7 potions of curing
 c - a potion of cancellation {unknown}
 e - 2 potions of heal wounds
 f - a potion of might
 i - 2 potions of haste
 j - 2 potions of mutation
 u - a potion of flight {unknown}

Dungeon Overview and Level Annotations

Branches:
Dungeon (8/15)             Temple (1/1) D:6            Lair (1/5) D:8
Ossuary (visited)

Altars:
Ashenzari
Cheibriados
Dithmenos
Elyvilon
Fedhas
Gozag
Hepliaklqana
Kikubaaqudgha
Makhleb
Nemelex Xobeh
Okawaru
Qazlal
Ru
Sif Muna
Trog
Uskayaw
Vehumet
Wu Jian
Xom
Yredelemnul
Zin

Shops:
D:4 *   D:7 (

Annotations:
D:5 1 runed translucent door, Crazy Yiuf


Message History

You slash the death yak! You hit the death yak but do no damage.
The death yak is moderately wounded.
You hit the death yak. The death yak closely misses you.
The death yak completely misses you.
A death yak comes into view.
You slash the death yak! You claw the death yak.
The death yak is moderately wounded.
You barely miss the death yak. You hit the death yak but do no damage.
A death yak comes into view.
The death yak misses you. The death yak gores you.
The death yak gores you but does no damage.
You hit the death yak.
The death yak is heavily wounded.
You hit the death yak but do no damage. You slash the death yak!
You hit the death yak.
The death yak is heavily wounded.
You completely miss the death yak. You hit the death yak but do no damage.
The death yak barely misses you. The death yak gores you!
The death yak closely misses you.
You slash the death yak!
You claw the death yak, but do no damage.
The death yak is severely wounded.
You completely miss the death yak. You hit the death yak but do no damage.
The death yak gores you. x2; The death yak misses you.
You slice the death yak!!
You claw the death yak, but do no damage.
The death yak is almost dead.
You hit the death yak. x2
You slash the death yak! Your kick misses the death yak.
You peck the death yak, but do no damage.
The death yak is almost dead.
You hit the death yak. x2
The death yak barely misses you. The death yak misses you.
The death yak gores you!
You barely miss the death yak.
The death yak is almost dead.
You hit the death yak but do no damage. x2
The death yak closely misses you. The death yak gores you! x2
You die...

##.## ## #...P# #P.##...
#.)..## ##...... #..)..
#.#.... #...## #.#.#..
#....# #.####.
#...#####.####. ..
#..[.P#.#..[...
....######..?...........
.)..YYY@#...............
.....YYY..#..###.#.####.
..............####.#.#..
..............####......
.............../...####.
....#..............# #.
#...##............:# #.
#.. #..#.....###### ##.
#..#.....# #..


You could see 6 death yaks.

Vanquished Creatures
  An elephant (D:8)
  A rime drake (Lair:1)
  A hornet (D:8)
  Sigmund (D:5)
  2 wyverns (D:8)
  Eustachio (D:5)
  2 basilisks (D:8)
  A steam dragon (D:7)
  A water moccasin (Lair:1)
  An orc warrior (D:8)
  A hornet zombie (D:7)
  2 ice beasts (D:5)
  2 sky beasts
  3 ogres
  An elf zombie (Ossuary)
  A phantom (D:7)
  3 bullfrogs
  4 necrophages (D:7)
  3 scorpions
  5 wights
  6 killer bees
  A hound (D:6)
  A bullfrog zombie (D:7)
  5 centaur zombies
  4 human zombies
  3 orc priests (D:8)
  A jelly (D:7)
  8 iguanas
  3 orc wizards
  A killer bee zombie (D:7)
  A hound zombie (Ossuary)
  6 mummies
  3 gnolls (D:3)
  10 adders
  2 shadow imps
  A white imp (D:6)
  An ufetubus (D:5)
  2 adder zombies (Ossuary)
  5 worms
  4 dart slugs
  23 orcs
  6 ball pythons
  5 bats
  10 endoplasms
  15 giant cockroaches
  3 gnoll zombies (Ossuary)
  7 goblins
  8 hobgoblins
  7 jackals
  12 kobolds
  6 quokkas
  5 frilled lizards
  4 goblin zombies
  4 hobgoblin zombies (Ossuary)
  5 jackal zombies (Ossuary)
  6 kobold zombies (Ossuary)
  An orc zombie (D:4)
  2 quokka zombies (Ossuary)
  8 rats
  4 rat zombies (Ossuary)
246 creatures vanquished.

Vanquished Creatures (others)
  A fungus (Lair:1)
  2 plants (D:4)
3 creatures vanquished.

Grand Total: 249 creatures vanquished

Notes
Turn   | Place    | Note
-------+----------+-------------------------------------------
     0 | D:1      | qw the Tengu Warper began the quest for the Orb.
     0 | D:1      | Reached XP level 1. HP: 12/12 MP: 4/4
     0 | D:1      | 0 ||| qw: Version: 0.1-a-89-g26bdef1
     0 | D:1      | 0 ||| qw: Game counter: 2930
     0 | D:1      | 0 ||| qw: Always use a shield: true
     0 | D:1      | 0 ||| qw: God list: Okawaru
     0 | D:1      | 0 ||| qw: Allow faded altars: false
     0 | D:1      | 0 ||| qw: Do Orc after D:15 true
     0 | D:1      | 0 ||| qw: Do second Lair branch before Depths: true
     0 | D:1      | 0 ||| qw: Lair rune preference: random
     0 | D:1      | 0 ||| qw: Plans: Normal
     0 | D:1      | 0 ||| PLANNING D:1-11
    86 | D:1      | 86 ||| Stepping ~*~*~tactically~*~*~ (stealth).
   118 | D:1      | 118 ||| Stepping ~*~*~tactically~*~*~ (stealth).
   170 | D:1      | 170 ||| Stepping ~*~*~tactically~*~*~ (stealth).
   171 | D:1      | 171 ||| Stepping ~*~*~tactically~*~*~ (stealth).
   172 | D:1      | 172 ||| Stepping ~*~*~tactically~*~*~ (stealth).
   175 | D:1      | Reached XP level 2. HP: 14/17 MP: 6/6
   175 | D:1      | 175 ||| Stepping ~*~*~tactically~*~*~ (stealth).
   176 | D:1      | 176 ||| Stepping ~*~*~tactically~*~*~ (stealth).
   184 | D:1      | Reached skill level 3 in Axes
   231 | D:1      | 231 ||| DROPPING +0 club.
   532 | D:1      | Reached XP level 3. HP: 21/21 MP: 7/7
   811 | D:1      | 811 ||| READING scroll labelled ALOTYG CICIRUSM.
   812 | D:1      | 812 ||| READING scroll labelled TEFELO VORAINI.
   813 | D:1      | 813 ||| READING scroll labelled BIRY MEHALE.
   814 | D:1      | 814 ||| READING scroll labelled FAOXEE MOJUDAFE.
   815 | D:1      | 815 ||| READING scroll labelled UTHYET TAHY.
   816 | D:1      | 816 ||| DROPPING scroll of blinking.
   907 | D:2      | Reached skill level 4 in Axes
  1082 | D:2      | 1082 ||| Stepping ~*~*~tactically~*~*~ (stealth).
  1262 | D:2      | Reached XP level 4. HP: 26/26 MP: 8/8
  1364 | D:2      | 1364 ||| Stepping ~*~*~tactically~*~*~ (stealth).
  1367 | D:2      | 1367 ||| Stepping ~*~*~tactically~*~*~ (stealth).
  1368 | D:2      | 1368 ||| Stepping ~*~*~tactically~*~*~ (stealth).
  1598 | D:2      | 1598 ||| UPGRADING to +0 plate armour.
  1608 | D:2      | 1608 ||| DROPPING +0 leather armour.
  1609 | D:2      | 1609 ||| UPGRADING to +6 ring of dexterity.
  1610 | D:2      | 1610 ||| READING scroll labelled VILOAT USTOIRR.
  1611 | D:2      | 1611 ||| READING scroll labelled SISKE ALEXO.
  1612 | D:2      | 1612 ||| READING scroll labelled TIELAOKKAESA.
  1613 | D:2      | 1613 ||| READING scroll labelled NIREGUL MOES.
  1618 | D:2      | 1618 ||| DRINKING 3 amethyst potions.
  1685 | D:3      | 1685 ||| Stepping ~*~*~tactically~*~*~ (stealth).
  1691 | D:3      | 1691 ||| Stepping ~*~*~tactically~*~*~ (stealth).
  1817 | D:3      | 1817 ||| Stepping ~*~*~tactically~*~*~ (hiding).
  1871 | D:3      | 1871 ||| DROPPING +0 whip.
  1908 | D:3      | 1908 ||| Stepping ~*~*~tactically~*~*~ (stealth).
  1911 | D:3      | 1911 ||| Stepping ~*~*~tactically~*~*~ (stealth).
  1921 | D:3      | Reached skill level 5 in Axes
  2012 | D:3      | Gained mutation: Your magical nature lets you fly swiftly
                  | and evasively. [Tengu growth]
  2012 | D:3      | Reached XP level 5. HP: 30/30 MP: 9/9
  2197 | D:3      | 2197 ||| FLEEEEING.
  2198 | D:3      | 2198 ||| FLEEEEING.
  2199 | D:3      | 2199 ||| FLEEEEING.
  2200 | D:3      | 2200 ||| FLEEEEING.
  2201 | D:3      | 2201 ||| FLEEEEING.
  2202 | D:3      | 2202 ||| FLEEEEING.
  2203 | D:3      | 2203 ||| FLEEEEING.
  2204 | D:3      | 2204 ||| FLEEEEING.
  2206 | D:3      | 2206 ||| FLEEEEING.
  2207 | D:3      | 2207 ||| FLEEEEING.
  2208 | D:3      | 2208 ||| FLEEEEING.
  2209 | D:3      | 2209 ||| FLEEEEING.
  2210 | D:3      | 2210 ||| FLEEEEING.
  2211 | D:3      | 2211 ||| FLEEEEING.
  2212 | D:3      | 2212 ||| FLEEEEING.
  2213 | D:3      | 2213 ||| FLEEEEING.
  2214 | D:3      | 2214 ||| FLEEEEING.
  2215 | D:3      | 2215 ||| FLEEEEING.
  2216 | D:3      | 2216 ||| FLEEEEING.
  2217 | D:3      | 2217 ||| STAIRDANCE
  2323 | D:2      | 2323 ||| UPGRADING to +2 pair of gloves.
  2332 | D:3      | 2332 ||| STAIRDANCE
  2437 | D:3      | 2437 ||| Stepping ~*~*~tactically~*~*~ (stealth).
  2442 | D:3      | 2442 ||| Stepping ~*~*~tactically~*~*~ (stealth).
  2443 | D:3      | 2443 ||| Stepping ~*~*~tactically~*~*~ (stealth).
  2668 | D:3      | 2668 ||| UPGRADING to +4 ring of evasion.
  2669 | D:3      | 2669 ||| DRINKING 2 fizzy green potions.
  2670 | D:3      | 2670 ||| DROPPING potion of degeneration.
  2703 | D:4      | 2703 ||| PLANNING OSSUARY
  2775 | D:4      | Reached skill level 6 in Axes
  2775 | D:4      | Found Hutuschepa's Assorted Antiques.
  2789 | D:4      | 2789 ||| BUYING 2 scrolls of identify (88 gold).
  2789 | D:4      | Bought 2 scrolls of identify for 88 gold pieces
  2789 | D:4      | 2789 ||| SHOPLISTING scroll of enchant weapon (165 gold,
                  | have 58).
  2789 | D:4      | 2789 ||| SHOPLISTING scroll of teleportation (66 gold, have
                  | 58).
  2971 | D:4      | Reached XP level 6. HP: 35/35 MP: 10/10
  3007 | D:4      | 3007 ||| Stepping ~*~*~tactically~*~*~ (stealth).
  3056 | D:4      | Reached skill level 3 in Armour
  3199 | D:4      | Found a sand-covered staircase.
  3200 | D:4      | 3200 ||| UPGRADING to amulet of the acrobat.
  3205 | D:4      | 3205 ||| READING 5 scrolls of identify.
  3205 | D:4      | 3205 ||| IDENTIFYING bubbling amethyst potion
  3206 | D:4      | 3206 ||| READING 4 scrolls of identify.
  3206 | D:4      | 3206 ||| IDENTIFYING glowing green potion
  3207 | D:4      | 3207 ||| READING 3 scrolls of identify.
  3207 | D:4      | 3207 ||| IDENTIFYING smoky red potion
  3208 | D:4      | 3208 ||| READING 2 scrolls of identify.
  3208 | D:4      | 3208 ||| IDENTIFYING ruby potion
  3209 | D:4      | 3209 ||| DROPPING potion of ambrosia.
  3210 | D:4      | 3210 ||| DROPPING potion of brilliance.
  3215 | Ossuary  | Entered an ossuary
  3391 | Ossuary  | Reached skill level 7 in Axes
  3478 | Ossuary  | Reached XP level 7. HP: 31/40 MP: 11/11
  3554 | Ossuary  | 3554 ||| Stepping ~*~*~tactically~*~*~ (stealth).
  3557 | Ossuary  | 3557 ||| Stepping ~*~*~tactically~*~*~ (stealth).
  3558 | Ossuary  | 3558 ||| Stepping ~*~*~tactically~*~*~ (stealth).
  3566 | Ossuary  | Reached skill level 3 in Fighting
  3580 | Ossuary  | 3580 ||| Stepping ~*~*~tactically~*~*~ (stealth).
  3644 | Ossuary  | 3644 ||| READING 3 scrolls of identify.
  3644 | Ossuary  | 3644 ||| IDENTIFYING fizzy emerald potion
  3645 | Ossuary  | 3645 ||| READING 2 scrolls of identify.
  3645 | Ossuary  | 3645 ||| IDENTIFYING viscous golden potion
  3656 | D:4      | 3656 ||| PLANNING D:1-11
  3703 | D:4      | Reached skill level 8 in Axes
  4037 | D:4      | 4037 ||| DROPPING +0 flail.
  4203 | D:4      | 4203 ||| DROPPING +6 ring of intelligence.
  4213 | D:5      | Entered Level 5 of the Dungeon
  4227 | D:5      | Reached skill level 9 in Axes
  4227 | D:5      | Reached XP level 8. HP: 34/46 MP: 12/12
  4388 | D:5      | Noticed Eustachio
  4396 | D:5      | 4396 ||| READING scroll labelled YBEURCHO FAESU.
  4412 | D:5      | Killed Eustachio
  4495 | D:5      | Found a runed translucent door.
  4496 | D:5      | 4496 ||| SWAPPING to +0 war axe.
  4497 | D:5      | 4497 ||| DROPPING +0 spectral hand axe.
  4498 | D:5      | Noticed Crazy Yiuf
  4537 | D:5      | 4537 ||| READING scroll of enchant weapon.
  4537 | D:5      | 4537 ||| ENCHANTING +0 war axe.
  4777 | D:5      | Noticed Sigmund
  4810 | D:5      | 4810 ||| DRINKING 4 potions of curing.
  4810 | D:5      | 4810 ||| (to cure confusion)
  4832 | D:5      | Killed Sigmund
  4833 | D:5      | Reached skill level 10 in Axes
  5160 | D:5      | 5160 ||| READING 2 scrolls of identify.
  5160 | D:5      | 5160 ||| IDENTIFYING green potion
  5161 | D:5      | 5161 ||| DROPPING potion of berserk rage.
  5186 | D:6      | 5186 ||| Stepping ~*~*~tactically~*~*~ (stealth).
  5194 | D:6      | 5194 ||| FLEEEEING.
  5195 | D:6      | 5195 ||| FLEEEEING.
  5196 | D:6      | 5196 ||| FLEEEEING.
  5197 | D:6      | 5197 ||| STAIRDANCE
  5326 | D:6      | Found a staircase to the Ecumenical Temple.
  5327 | D:6      | 5327 ||| PLANNING TEMPLE
  5346 | Temple   | Entered the Ecumenical Temple
  5695 | Temple   | 5695 ||| PLANNING D:1-11
  5762 | D:6      | Reached skill level 3 in Dodging
  5766 | D:6      | Reached XP level 9. HP: 21/52 MP: 13/13
  6050 | D:6      | 6050 ||| Stepping ~*~*~tactically~*~*~ (stealth).
  6054 | D:6      | 6054 ||| Stepping ~*~*~tactically~*~*~ (stealth).
  6224 | D:6      | Found a shimmering blue altar of Sif Muna.
  6224 | D:6      | Found an iron altar of Okawaru.
  6224 | D:6      | Found a stormy altar of Qazlal.
  6252 | D:6      | Became a worshipper of Warmaster Okawaru
  6266 | D:6      | Found an opulent altar of Gozag.
  6270 | D:6      | Found a burning altar of Makhleb.
  6273 | D:6      | Found a hazy altar of Hepliaklqana.
  6274 | D:6      | Found a broken altar of Ashenzari.
  6386 | D:6      | 6386 ||| DROPPING amulet of guardian spirit.
  6387 | D:6      | 6387 ||| UPGRADING to ring of poison resistance.
  6389 | D:6      | 6389 ||| DROPPING ring of positive energy.
  6390 | D:6      | 6390 ||| READING scroll labelled NIPIOF VAYTUU.
  6534 | D:6      | 6534 ||| READING scroll labelled HAELIL IPRIW.
  6750 | D:7      | Found a white marble altar of Elyvilon.
  6859 | D:7      | 6859 ||| Stepping randomly (cloudy).
  6860 | D:7      | 6860 ||| Stepping ~*~*~tactically~*~*~ (cloud).
  6861 | D:7      | 6861 ||| Stepping ~*~*~tactically~*~*~ (cloud).
  6872 | D:7      | 6872 ||| Stepping ~*~*~tactically~*~*~ (hiding).
  6874 | D:7      | 6874 ||| Stepping ~*~*~tactically~*~*~ (hiding).
  6991 | D:7      | 6991 ||| Stepping ~*~*~tactically~*~*~ (stealth).
  7242 | D:7      | Reached skill level 11 in Axes
  7374 | D:7      | 7374 ||| SWAPPING to +1 war axe of freezing.
  7375 | D:7      | 7375 ||| DROPPING +1 war axe.
  7377 | D:7      | Found a basalt altar of Yredelemnul.
  7440 | D:7      | Reached * piety under Okawaru
  7506 | D:7      | Reached skill level 1 in Invocations
  7593 | D:7      | 7593 ||| INVOKING Heroism.
  7621 | D:7      | 7621 ||| INVOKING Heroism.
  7625 | D:7      | Reached skill level 12 in Axes
  7717 | D:7      | Found Castyad's Weapon Shoppe.
  7893 | D:7      | 7893 ||| UPGRADING to +0 cloak.
  7898 | D:7      | 7898 ||| READING scroll labelled ZOPHASIOTUR.
  7924 | D:8      | Noticed a hornet
  7937 | D:8      | Killed a hornet
  7938 | D:8      | 7938 ||| STAIRDANCE
  8023 | D:8      | 8023 ||| Stepping ~*~*~tactically~*~*~ (stealth).
  8035 | D:8      | Reached skill level 3 in Invocations
  8035 | D:8      | Reached XP level 10. HP: 59/59 MP: 14/14
  8097 | D:8      | 8097 ||| Stepping ~*~*~tactically~*~*~ (stealth).
  8111 | D:8      | 8111 ||| Stepping ~*~*~tactically~*~*~ (hiding).
  8112 | D:8      | 8112 ||| Stepping ~*~*~tactically~*~*~ (hiding).
  8113 | D:8      | 8113 ||| Stepping ~*~*~tactically~*~*~ (stealth).
  8116 | D:8      | 8116 ||| Stepping ~*~*~tactically~*~*~ (stealth).
  8118 | D:8      | 8118 ||| Stepping ~*~*~tactically~*~*~ (stealth).
  8128 | D:8      | Reached ** piety under Okawaru
  8129 | D:8      | Reached skill level 6 in Armour
  8381 | D:8      | 8381 ||| Stepping ~*~*~tactically~*~*~ (stealth).
  8383 | D:8      | Noticed an elephant
  8384 | D:8      | 8384 ||| Stepping ~*~*~tactically~*~*~ (hiding).
  8395 | D:8      | 8395 ||| INVOKING Heroism.
  8405 | D:8      | Killed an elephant
  8406 | D:8      | Reached skill level 6 in Fighting
  8435 | D:8      | 8435 ||| FLEEEEING.
  8436 | D:8      | 8436 ||| FLEEEEING.
  8437 | D:8      | 8437 ||| FLEEEEING.
  8438 | D:8      | 8438 ||| FLEEEEING.
  8439 | D:8      | 8439 ||| FLEEEEING.
  8444 | D:8      | 8444 ||| FLEEEEING.
  8445 | D:8      | 8445 ||| FLEEEEING.
  8446 | D:8      | 8446 ||| FLEEEEING.
  8447 | D:8      | 8447 ||| FLEEEEING.
  8449 | D:8      | 8449 ||| FLEEEEING.
  8450 | D:8      | 8450 ||| STAIRDANCE
  8574 | D:7      | 8574 ||| DROPPING ring of magical power.
  8577 | D:8      | 8577 ||| INVOKING Heroism.
  8603 | D:8      | Found a staircase to the Lair.
  8639 | D:8      | 8639 ||| Stepping ~*~*~tactically~*~*~ (hiding).
  8667 | D:8      | Found the +2 ratskin cloak {*Rats rPois rN+ Str-1 Int-1
                  | Dex+1}
  8790 | D:8      | 8790 ||| DROPPING +0 morningstar.
  8911 | D:8      | Reached *** piety under Okawaru
  8942 | D:8      | 8942 ||| READING scroll of brand weapon.
  8942 | D:8      | 8942 ||| BRANDING +1 war axe of freezing.
  8953 | D:8      | 8953 ||| Stepping ~*~*~tactically~*~*~ (stealth).
  8954 | D:8      | 8954 ||| Stepping ~*~*~tactically~*~*~ (stealth).
  8956 | D:8      | 8956 ||| Stepping ~*~*~tactically~*~*~ (hiding).
  8964 | D:8      | 8964 ||| INVOKING Heroism.
  9216 | D:8      | 9216 ||| PLANNING LAIR
  9216 | D:8      | 9216 ||| UPGRADING to +2 ratskin cloak {*Rats rPois rN+
                  | Str-1 Int-1 Dex+1}.
  9226 | D:8      | 9226 ||| REMOVING ring of poison resistance.
  9227 | D:8      | 9227 ||| DROPPING +0 cloak.
  9228 | D:8      | 9228 ||| UPGRADING to ring of protection from fire.
  9229 | D:8      | 9229 ||| READING scroll labelled PAWNIANYSCH.
  9230 | D:8      | 9230 ||| READING 2 scrolls of identify.
  9230 | D:8      | 9230 ||| IDENTIFYING dark potion
  9231 | D:8      | 9231 ||| DROPPING potion of attraction.
  9288 | Lair:1   | Entered Level 1 of the Lair of Beasts
  9303 | Lair:1   | 9303 ||| READING scroll of enchant weapon.
  9303 | Lair:1   | 9303 ||| ENCHANTING +1 war axe of protection.
  9577 | Lair:1   | Noticed a death yak
  9578 | Lair:1   | 9578 ||| INVOKING Heroism.
  9580 | Lair:1   | Noticed a death yak
  9582 | Lair:1   | Noticed a death yak
  9583 | Lair:1   | Noticed a death yak
  9588 | Lair:1   | Noticed a death yak
  9589 | Lair:1   | Noticed a death yak
  9595 | Lair:1   | HP: 7/60 [death yak (10)]
  9595 | Lair:1   | Slain by a death yak

Levels and vault maps discovered:
D:1:      lightli_arrival_statuegarden, layout_basic, minmay_crystal_water
D:2:      layout_loops_ring, minmay_cut_off
D:3:      minmay_roachtagon, layout_basic
D:4:      layout_basic, serial_shops, nicolae_shop_overgrown_old_shop,
          nicolae_ossuary_entry_giza
D:5:      layout_rooms, grunt_ministairs_15, glass_columns_c,
          uniq_crazy_yiuf_cottage, uniq_sigmund, uniq_eustachio
D:6:      layout_rooms, nicolae_overflow_hallway_of_the_gods,
          minmay_temple_entry_waves
D:7:      layout_loops_ring, elyvilon_altar_4,
          lemuel_mausoleum_altar_yredelemnul, serial_shops, shop
D:8:      layout_loops_cross, david_lair_generic
Temple:   minmay_temple_forest_path
Lair:1:   layout_gridlike, serial_bayou_shore_b, infiniplex_staircase_pool,
          grunt_megastairs_4, lemuel_fruit_fields

Skill      XL: |  1  2  3  4  5  6  7  8  9 10 |
---------------+-------------------------------+-----
Axes           | 3 4 5 6 7 9 10 12 | 12.7
Armour         | 2 3 5 7 |  7.0
Fighting       | 3 4 5 6 |  6.1
Dodging        | 3 |  3.4
Invocations    | 3 4 |  4.2
Throwing       | |  1.0
Spellcasting   | |  2.0
Translocations | |  2.4

Action                   |  1- 3 |  4- 6 |  7- 9 | 10-12 || total
-------------------------+-------+-------+-------+-------++-------
Melee: Hand axe          |    68 |   136 |    77 |       ||   281
       Kick              |    22 |    44 |    86 |    40 ||   192
       Peck              |    10 |    30 |    57 |    37 ||   134
       War axe           |       |       |   208 |   133 ||   341
       Punch             |       |       |     4 |     2 ||     6
Throw: Boomerang         |     7 |    20 |       |     7 ||    34
Invok: Heroism           |       |       |     2 |     4 ||     6
  Use: Scroll            |     5 |     8 |     8 |     4 ||    25
       Potion            |       |     2 |     1 |       ||     3
 Stab: Distracted        |     1 |       |     2 |       ||     3
Armor: Leather armour    |    17 |     3 |       |       ||    20
       Plate armour      |       |    27 |   122 |    44 ||   193
Dodge: Dodged            |    24 |    13 |   118 |    46 ||   201

Table legend:
 A = Non-vault XP
 B = Vault XP
 C = Vault XP percentage of total XP
 D = Non-vault monster count
 E = Vault monster count
 F = Vault count percentage of total count
                 A         B        C        D         E       F
            +---------+---------+-------+---------+---------+-------
      Total |    4528 |    2897 |  39.0 |     168 |      78 |  31.7
            +---------+---------+-------+---------+---------+-------
        D:1 |      40 |       0 |   0.0 |      25 |       0 |   0.0
        D:2 |      51 |       3 |   5.6 |      20 |       2 |   9.1
        D:3 |     124 |      22 |  15.1 |      31 |      11 |  26.2
        D:4 |     377 |      18 |   4.6 |      20 |       3 |  13.0
        D:5 |     508 |     496 |  49.4 |      12 |       4 |  25.0
        D:6 |     473 |       0 |   0.0 |      13 |       0 |   0.0
        D:7 |     904 |     710 |  44.0 |      18 |      13 |  41.9
        D:8 |    1434 |    1074 |  42.8 |      26 |       4 |  13.3
     Lair:1 |     617 |      88 |  12.5 |       3 |       1 |  25.0
    Ossuary |       0 |     486 | 100.0 |       0 |      40 | 100.0
            +---------+---------+-------+---------+---------+-------
